 Dungeon Crawl Stone Soup version 0.27-a0-1081-ge8a0a9c698 (webtiles) character file.

Game seed: 9097833371807933217

168 porpoise the Magician (level 5, -2/40 HPs)
             Began as a Djinni Venom Mage on Apr 25, 2021.
             Killed from afar by a steam dragon (6 damage)
             ... with a ball of steam
             ... on level 3 of the Dungeon.
             The game lasted 00:10:10 (3660 turns).

porpoise the Magician (Djinni Venom Mage)           Turns: 3660, Time: 00:10:17

Health: -2/40      AC:  2    Str:  8    XL:     5   Next: 48%
Gold:   70         EV: 13    Int: 16    God:
                   SH:  0    Dex: 20

rFire    + + .     SeeInvis .   a - +2 mace (protect)
rCold    x . .     Faith    .   (no shield)
rNeg     . . .     Spirit   .   e - +0 robe
rPois    ∞         Reflect  .   (no helmet)
rElec    .         Harm     .   (no cloak)
rCorr    .         Rampage  .   (no gloves)
Will     .....                  (boots unavailable)
Stlth    ++........             (no amulet)
HPRegen  0.13/turn              g - +6 ring of dexterity
MPRegen  0.00/turn              (no ring)

@: brilliant, attractive, flying
A: fire resistance 2, cold vulnerability 1, float, innate caster, hp casting,
extra vitality 1
a: no special abilities


You were on level 3 of the Dungeon.
You visited 1 branch of the dungeon, and saw 3 of its levels.

You collected 70 gold pieces.

Inventory:

Hand Weapons
 a - a +2 mace of protection (weapon)
 n - a +0 short sword
Missiles
 d - 80 stones
Armour
 e - a +0 robe (worn)
Magical Staves
 l - a staff of air
Jewellery
 g - a +6 ring of dexterity (left hand)
Scrolls
 c - 2 scrolls of teleportation {unknown}
 h - 2 scrolls of identify {unknown}
 i - a scroll of vulnerability {unknown}
 j - 3 scrolls of fear {unknown}
 m - a scroll of noise {unknown}
Potions
 b - a potion of attraction
 k - a potion of cancellation {unknown}


   Skills:
 + Level 3.4 Fighting
 - Level 2.1 Dodging
 - Level 1.5 Stealth
 + Level 4.0 Spellcasting


You couldn't memorise any spells.
You knew the following spells:

 Your Spells              Type           Power      Damage    Failure   Level
a - Sting                 Tmut/Pois      96%        1d7       3%          1
c - Corpse Rot            Necr/Air       N/A        N/A       4%          2
i - Ignite Poison         Fire/Tmut/Pois 24%        N/A       10%         3
m - Mephitic Cloud        Conj/Pois/Air  24%        N/A       10%         3
o - Olgreb's Toxic Radia  Pois           24%        N/A       30%         4
s - Sandblast             Erth           48%        2d12      3%          1
v - Poisonous Vapours     Pois/Air       48%        N/A       4%          2
Your spell library was empty.

Dungeon Overview and Level Annotations

Branches:
Dungeon (3/15)

Altars:

Annotations:
D:3 3 runed translucent doors, Charmandara's ghost, weakling SpBr; Zeld's ghost, weakling OpCj


Innate Abilities, Weirdness & Mutations

You are immune to poison.
Your flesh is very heat resistant. (rF++)
You are vulnerable to cold. (rC-)
You float through the air rather than walking.
You learn spells naturally, not from books.
Your magical power is your life essence.
You have superior vitality. (+4 HP)


Message History

Aiming: Sandblast (safe; 3% risk of failure)
Press: ? - help, Shift-Dir - straight line, f/p - steam dragon
Aim: a steam dragon (moderately wounded, poisoned, catching its breath, 79% to hit)
The blast of sand hits the steam dragon.
The steam dragon is moderately wounded.
d - 82 stones The steam dragon misses you.
The steam dragon barely misses you.
Casting: Sandblast (safe; 3% risk of failure)
Confirm with . or Enter, or press ? or * to list all spells.
Aiming: Sandblast (safe; 3% risk of failure)
Press: ? - help, Shift-Dir - straight line, f/p - steam dragon
Aim: a steam dragon (moderately wounded, poisoned, catching its breath, 79% to hit)
The blast of sand hits the steam dragon.
The steam dragon is heavily wounded.
d - 81 stones The steam dragon bites you.
The steam dragon barely misses you.
Casting: Sandblast (safe; 3% risk of failure)
Confirm with . or Enter, or press ? or * to list all spells.
Aiming: Sandblast (safe; 3% risk of failure)
Press: ? - help, Shift-Dir - straight line, f/p - steam dragon
Aim: a steam dragon (heavily wounded, poisoned, catching its breath, 79% to hit)
The blast of sand hits the steam dragon but does no damage.
The steam dragon is heavily wounded.
d - 80 stones The steam dragon looks more healthy.
The steam dragon bites you!
* * * LOW HITPOINT WARNING * * *
The steam dragon claws you.
* * * LOW HITPOINT WARNING * * *
It was a potion of attraction.
You feel attractive to monsters. The steam dragon barely misses you.
The steam dragon closely misses you.
A frilled lizard comes into view.
The frilled lizard is pulled toward you!
It was a potion of brilliance.
You feel clever all of a sudden. The quokka bites you.
* * * LOW HITPOINT WARNING * * *
The steam dragon breathes steam at you. The ball of steam hits you. You resist.
You die...

#.......# #..
#.......# #..
#.##.####
....##.##.###
$[.....#....#
#...#.####.# .
..........#
....#.r##.####..
#..D@...l.....
######.)..#.##
...#.# ...#.#
....# . .##.. #
#. ###


You could see a steam dragon (catching breath), a quokka and a frilled lizard.

Vanquished Creatures
  Natasha (thrice) (D:2)
  Robin (D:2)
  4 adders
  A dart slug (D:3)
  4 endoplasms
  3 giant cockroaches
  7 goblins
  5 hobgoblins
  8 kobolds
  A quokka (D:2)
  3 ball pythons (D:1)
  3 bats (D:1)
  2 frilled lizards (D:2)
  3 rats
48 creatures vanquished.

Vanquished Creatures (others)
  5 withered plants (D:3)
5 creatures vanquished.

Grand Total: 53 creatures vanquished

Notes
Turn   | Place    | Note
-------+----------+-------------------------------------------
     0 | D:1      | porpoise the Djinni Venom Mage began the quest for the Orb.
     0 | D:1      | Reached XP level 1. HP: 15/15 MP: 0/0
    66 | D:1      | Found a faded altar of an unknown god.
   414 | D:1      | Reached skill level 1 in Fighting
   414 | D:1      | Reached XP level 2. HP: 17/22 MP: 0/0
   669 | D:1      | Reached skill level 3 in Spellcasting
  1587 | D:2      | Reached XP level 3. HP: 15/27 MP: 0/0
  1587 | D:2      | Learned a level 1 spell: Sandblast
  1622 | D:2      | Noticed Natasha
  1631 | D:2      | Killed Natasha
  1878 | D:2      | Reached XP level 4. HP: 19/34 MP: 0/0
  2118 | D:2      | Noticed Natasha
  2126 | D:2      | Killed Natasha
  2530 | D:2      | Noticed Robin
  2543 | D:2      | Killed Robin
  2556 | D:2      | Reached XP level 5. HP: 19/40 MP: 0/0
  2556 | D:2      | Learned a level 2 spell: Corpse Rot
  2959 | D:2      | Noticed Natasha
  2964 | D:2      | Killed Natasha
  3166 | D:3      | Reached skill level 4 in Spellcasting
  3269 | D:3      | Found a runed translucent gate.
  3269 | D:3      | Found a runed translucent gate.
  3272 | D:3      | Found a runed translucent gate.
  3278 | D:3      | Noticed Zeld's ghost (weakling OpCj)
  3278 | D:3      | Noticed Charmandara's ghost (weakling SpBr)
  3647 | D:3      | Noticed a steam dragon
  3660 | D:3      | Killed from afar by a steam dragon

Illustrated notes

Levels and vault maps discovered:
D:1:      lemuel_arrival_tunnels, layout_loops_ring,
          shapermc_ecumenical_altar_notcrosses
D:2:      layout_loops_cross, kennysheep_doodads, uniq_robin, uniq_natasha
D:3:      layout_basic, fedhas_altar_4, gammafunk_ghost_cemetery

Skill      XL: |  1  2  3  4  5 |
---------------+----------------+-----
Fighting       | 1 2 3 |  3.4
Spellcasting   | 3 4 |  4.0
Dodging        | |  2.1
Stealth        | |  1.5

Action                   |  1- 3 |  4- 6 || total
-------------------------+-------+-------++-------
Melee: Short sword       |     7 |    10 ||    17
 Cast: Sting             |    51 |    39 ||    90
       Poisonous Vapours |       |     4 ||     4
       Sandblast         |       |    21 ||    21
  Use: Potion            |       |     2 ||     2
Armor: Robe              |     8 |     7 ||    15
Dodge: Dodged            |    15 |    24 ||    39

Table legend: (Time is in decaauts)
 A = Elapsed time spent in this place.
 B = Non-inter-level travel time spent in this place.
 C = Inter-level travel time spent in this place.
 D = Time resting spent in this place.
 E = Time spent auto-exploring this place.
 F = Levels seen in this place.
 G = Mean time per level.
                   A        B        C        D        E       F      G
               +--------+--------+--------+--------+--------+-----+--------+
         Total |   3667 |   3625 |     42 |   1459 |   1803 |   3 | 1222.3 |
       Dungeon |   3667 |   3625 |     42 |   1459 |   1803 |   3 | 1222.3 |
               +--------+--------+--------+--------+--------+-----+--------+

Top non-repeatable levels by time:
     D:2: 1884 daAuts
     D:1: 1282 daAuts
     D:3: 500 daAuts
